 Dungeon Crawl Stone Soup version 0.29-a0-360-g8ed1089bbe (webtiles) character file.

Game seed: 7114456164981274941

10 klau3 the Poker (level 2, -1/27 HPs)
             Began as a Minotaur Berserker on Apr 28, 2022.
             Was a Follower of Trog.
             Frozen to death by an endoplasm (4 damage)
             ... on level 1 of the Dungeon.
             The game lasted 00:01:16 (258 turns).

klau3 the Poker (Minotaur Berserker)                 Turns: 258, Time: 00:01:16

Health: -1/27      AC:  6    Str: 21    XL:     2   Next: 10%
Magic:  1/1        EV: 10    Int:  4    God:    Trog [*.....]
Gold:   19         SH:  0    Dex:  9    Spells: 1/1 levels left

rFire   . . .      SeeInvis .   a - +0 spear
rCold   . . .      Faith    .   (no shield)
rNeg    . . .      Spirit   .   d - +0 scale mail
rPois   .          Reflect  .   (helmet restricted)
rElec   .          Harm     .   (no cloak)
rCorr   .          Rampage  .   (no gloves)
Will    .....                   (no boots)
Stlth   ..........              (no amulet)
HPRegen 0.09/turn               (no ring)
MPRegen 0.07/turn               (no ring)

@: no status effects
A: horns 2, retaliatory headbutt
a: Renounce Religion, Berserk


You were on level 1 of the Dungeon.
You worshipped Trog.
Trog was aware of your devotion.
You visited 1 branch of the dungeon, and saw 1 of its levels.

You collected 19 gold pieces.

Inventory:

Hand Weapons
 a - a +0 spear (weapon)
 e - a +0 hunting sling
Armour
 b - a +0 animal skin
 d - a +0 scale mail (worn)
Potions
 c - a potion of lignification {unknown}
 f - a potion of degeneration {unknown}


   Skills:
 + Level 3.9 Fighting
 + Level 4.0 Polearms
 + Level 2.5 Armour
 + Level 2.2 Dodging


You had one spell level left.
You didn't know any spells.
Your spell library was empty.

Dungeon Overview and Level Annotations

Branches:
Dungeon (1/15)

Altars:


Innate Abilities, Weirdness & Mutations

You have a pair of horns on your head.
You reflexively headbutt those who attack you in melee.


Message History

You kill the goblin!
Trog accepts your kill.
The hobgoblin shoots a sling bullet.
The sling bullet hits you but does no damage.
The ball python bites you. The ball python constricts you.
You escape the ball python's grasp.
The ball python barely misses you. The ball python grabs you.
The ball python constricts you.
Things that are here:
a +0 dagger; a goblin corpse You hit the ball python.
You kill the ball python!
Trog accepts your kill.
The hobgoblin shoots a sling bullet.
The sling bullet hits you.
You have reached level 2!
The hobgoblin shoots a sling bullet.
The sling bullet hits you.
You see here a ball python corpse.
The hobgoblin shoots a sling bullet.
The sling bullet completely misses you.
The hobgoblin shoots a sling bullet.
The sling bullet hits you.
* * * LOW HITPOINT WARNING * * *
Found 7 gold pieces.
Found a club.
The hobgoblin shoots a sling bullet.
The sling bullet barely misses you.
An endoplasm comes into view.
The hobgoblin shoots a sling bullet.
The sling bullet hits you.
* * * LOW HITPOINT WARNING * * *
The endoplasm quivers.
The hobgoblin unwields a +0 hunting sling.
The hobgoblin hits you.
* * * LOW HITPOINT WARNING * * *
The hobgoblin barely misses you.
You hit the hobgoblin.
You kill the hobgoblin!
Trog accepts your kill.
Your Polearms skill increases to level 4!
Things that are here:
a +0 hunting sling; a scroll labelled OCWA KAIBYENWA; a hobgoblin corpse You see here a ball python corpse.
The endoplasm freezes you.
You are frozen.
You die...

##### #########...#
#......[...# ## ..
#.########.###.#!.# #.#
##..#...# ######.#######..#†#
###
####............@J.†)##..#
.................##)##..#
####.###.........##.....#
....>....†.......+....#.#
#.....##.........###.......$.
#.....##.........# #.........
#.....##.......... ..........
#.....##..............#......
#.....##.....................


You could see an endoplasm.

Vanquished Creatures
  A giant cockroach (D:1)
  2 goblins (D:1)
  2 hobgoblins (D:1)
  A quokka (D:1)
  2 ball pythons (D:1)
8 creatures vanquished.

Notes
Turn   | Place    | Note
-------+----------+-------------------------------------------
     0 | D:1      | klau3 the Minotaur Berserker began the quest for the Orb.
     0 | D:1      | Reached XP level 1. HP: 19/19 MP: 0/0
   238 | D:1      | Reached XP level 2. HP: 13/27 MP: 1/1
   250 | D:1      | Reached skill level 4 in Polearms
   258 | D:1      | Frozen to death by an endoplasm

Illustrated notes

Levels and vault maps discovered:
D:1:      giann_horns, layout_basic, chequers_ecumenical_altar_twisty,
          serial_shops, nicolae_lakefront_shop, minmay_pentomino_r4

Skill      XL: |  1  2 |
---------------+-------+-----
Polearms       | 4 |  4.0
Fighting       | |  3.9
Armour         | |  2.5
Dodging        | |  2.2

Action                   || total
-------------------------++-------
Melee: Spear             ||    20
       Headbutt          ||     2
Armor: Scale mail        ||    17
       Animal skin       ||     2
Dodge: Dodged            ||    14

Table legend: (Time is in decaauts)
 A = Elapsed time spent in this place.
 B = Non-inter-level travel time spent in this place.
 C = Inter-level travel time spent in this place.
 D = Time resting spent in this place.
 E = Time spent auto-exploring this place.
 F = Levels seen in this place.
 G = Mean time per level.
                   A        B        C        D        E       F      G
               +--------+--------+--------+--------+--------+-----+--------+
         Total |    256 |    256 |      0 |      0 |      0 |   1 |  256.0 |
       Dungeon |    256 |    256 |      0 |      0 |      0 |   1 |  256.0 |
               +--------+--------+--------+--------+--------+-----+--------+

Top non-repeatable levels by time:
     D:1: 256 daAuts
